NCAA
GEORGETOWN HOYAS @ MARYLAND TERRAPINS
05/13/2024
 
TOP OF THE 1ST
Georgetown Hoyas batting - Pitching for Maryland Terrapins : LHP Justin Wagner
Pitching: LHP Justin Wagner
Batting: LHB Ken Bullard 0-0: SINGLE (Flyball, 7S)
Batting: SHB Edward Weber 0-0: Called Strike
0-1: Ball
1-1: Ball
2-1: Fly out, F9 (Flyball, 89M)
Batting: SHB Jeffrey MacNeill 0-0: Ball
1-0: Ball
2-0: Swinging Strike
2-1: Ball
3-1: Grounds into double play, 4-6-3 (Groundball, 4)
Top of the 1st over - 0 run(s), 1 hit(s), 0 error(s), 0 left on base; Georgetown 0 - Maryland 0
BOTTOM OF THE 1ST
Maryland Terrapins batting - Pitching for Georgetown Hoyas : RHP John Jones
Pitching: RHP John Jones
Batting: SHB Caden Keith 0-0: TRIPLE (Flyball, 8RM)
Batting: RHB Glenn Carroll 0-0: Called Strike
0-1: Foul Ball, location: 2F
0-2: Ball
1-2: Foul Ball, location: 2F
1-2: Fly out, F7 (Flyball, 78M)
Runner from 3rd tags up, SCORES, no throw
Batting: LHB Armando Torres 0-0: Ball
1-0: Ball
2-0: Fly out, F9 (Flyball, 9M)
Batting: SHB Frank Johnston 0-0: Called Strike
0-1: Ball
1-1: Ball
2-1: Called Strike
2-2: Ball
3-2: Strikes out swinging
Bottom of the 1st over - 1 run(s), 1 hit(s), 0 error(s), 0 left on base; Georgetown 0 - Maryland 1
TOP OF THE 2ND
Georgetown Hoyas batting - Pitching for Maryland Terrapins : LHP Justin Wagner
Batting: LHB Alan McGilroy 0-0: Called Strike
0-1: Foul Ball, location: 2F
0-2: Ball
1-2: Ball
2-2: Ball
3-2: Fly out, F9 (Flyball, 9LD)
Batting: RHB Luis Flores 0-0: SOLO HOME RUN (Line Drive, 89XD), Distance : 387 ft
Batting: LHB Tim Rose 0-0: Ball
1-0: Foul Ball, location: 2F
1-1: Called Strike
1-2: Fly out, F8 (Flyball, 78S)
Batting: SHB Emmett Kinch 0-0: Called Strike
0-1: Foul Ball, location: 2F
0-2: Ball
1-2: Ground out 5-3 (Groundball, 56S)
Top of the 2nd over - 1 run(s), 1 hit(s), 0 error(s), 0 left on base; Georgetown 1 - Maryland 1
BOTTOM OF THE 2ND
Maryland Terrapins batting - Pitching for Georgetown Hoyas : RHP John Jones
Batting: SHB Tom Johnson 0-0: Called Strike
0-1: Called Strike
0-2: Ball
1-2: Strikes out swinging
Batting: RHB Jesús López 0-0: Called Strike
0-1: Foul Ball, location: 2F
0-2: Strikes out looking
Batting: SHB Leonard Adams 0-0: Called Strike
0-1: Ground out 3-1 (Groundball, 34)
Bottom of the 2nd over - 0 run(s), 0 hit(s), 0 error(s), 0 left on base; Georgetown 1 - Maryland 1
TOP OF THE 3RD
Georgetown Hoyas batting - Pitching for Maryland Terrapins : LHP Justin Wagner
Batting: RHB Bob Lee 0-0: Swinging Strike
0-1: Foul Ball, location: 2F
0-2: Strikes out swinging
Batting: LHB José De La Cruz 0-0: Called Strike
0-1: Ball
1-1: Called Strike
1-2: Ball
2-2: Ball
3-2: Strikes out looking
Batting: LHB Ken Bullard 0-0: Ball
1-0: Ball
2-0: Called Strike
2-1: Fly out, F7 (Flyball, 78D)
Top of the 3rd over - 0 run(s), 0 hit(s), 0 error(s), 0 left on base; Georgetown 1 - Maryland 1
BOTTOM OF THE 3RD
Maryland Terrapins batting - Pitching for Georgetown Hoyas : RHP John Jones
Batting: RHB Pedro Echevarría 0-0: Fly out, F9 (Flyball, 9S)
Batting: RHB Ken Boyd 0-0: Ball
1-0: Ball
2-0: Ball
3-0: Base on Balls
Batting: SHB Caden Keith 0-0: SINGLE (Groundball, 34D) (infield hit)
Ken Boyd to second
Batting: RHB Glenn Carroll 0-0: Foul Ball, location: 2F
0-1: Called Strike
0-2: Strikes out swinging
Batting: LHB Armando Torres 0-0: Ball
Wild Pitch!
Ken Boyd to third
Caden Keith to second
1-0: Ball
2-0: Ground out 4-3 (Groundball, 34)
Bottom of the 3rd over - 0 run(s), 1 hit(s), 0 error(s), 2 left on base; Georgetown 1 - Maryland 1
TOP OF THE 4TH
Georgetown Hoyas batting - Pitching for Maryland Terrapins : LHP Justin Wagner
Batting: SHB Edward Weber 0-0: Ball
1-0: Called Strike
1-1: Called Strike
1-2: Fly out, F4 (Popup, 6MS)
Batting: SHB Jeffrey MacNeill 0-0: Foul Ball, location: 2F
0-1: Foul Ball, location: 2F
0-2: Strikes out looking
Batting: LHB Alan McGilroy 0-0: Called Strike
0-1: Ball
1-1: Fly out, F8 (Flyball, 8RD)
Top of the 4th over - 0 run(s), 0 hit(s), 0 error(s), 0 left on base; Georgetown 1 - Maryland 1
BOTTOM OF THE 4TH
Maryland Terrapins batting - Pitching for Georgetown Hoyas : RHP John Jones
Batting: SHB Frank Johnston 0-0: Called Strike
0-1: Called Strike
0-2: Foul Ball, location: 2F
0-2: Ground out U3 (Groundball, 3L)
Batting: SHB Tom Johnson 0-0: Called Strike
0-1: Foul Ball, location: 2F
0-2: Fly out, F7 (Popup, 7LSF)
Batting: RHB Jesús López 0-0: DOUBLE (Flyball, 89M)
Batting: SHB Leonard Adams 0-0: Ball
1-0: Fly out, F7 (Flyball, 78S)
Bottom of the 4th over - 0 run(s), 1 hit(s), 0 error(s), 1 left on base; Georgetown 1 - Maryland 1
TOP OF THE 5TH
Georgetown Hoyas batting - Pitching for Maryland Terrapins : LHP Justin Wagner
Batting: RHB Luis Flores 0-0: Ground out 1-3 (Groundball, 13)
Batting: LHB Tim Rose 0-0: Ball
1-0: Ball
2-0: Ball
3-0: Called Strike
3-1: SINGLE (Groundball, 4MD)
Batting: SHB Emmett Kinch 0-0: Swinging Strike
0-1: Fly out, F1 (Line Drive, 15)
0-1: Fly out, F1 (Line Drive, 15)
Batting: RHB Bob Lee 0-0: Called Strike
0-1: Ball
1-1: Swinging Strike
1-2: SINGLE (Line Drive, 8LS)
Tim Rose to second
Batting: LHB José De La Cruz 0-0: Called Strike
0-1: Swinging Strike
0-2: Strikes out swinging
Top of the 5th over - 0 run(s), 2 hit(s), 0 error(s), 2 left on base; Georgetown 1 - Maryland 1
BOTTOM OF THE 5TH
Maryland Terrapins batting - Pitching for Georgetown Hoyas : RHP John Jones
Batting: RHB Pedro Echevarría 0-0: Foul Ball, location: 2F
0-1: SINGLE (Line Drive, 7S)
Batting: RHB Ken Boyd 0-0: Ball
1-0: Ball
2-0: Foul Ball, location: 2F
2-1: Swinging Strike
2-2: Ball
3-2: Strikes out swinging
Batting: SHB Caden Keith 0-0: Ball
1-0: Called Strike
1-1: Foul Ball, location: 2F
1-2: 2-RUN HOME RUN (Flyball, 8RXD), Distance : 409 ft
Batting: RHB Glenn Carroll 0-0: Called Strike
0-1: Ball
1-1: Swinging Strike
1-2: Strikes out swinging
Batting: LHB Armando Torres 0-0: Foul Ball, location: 2F
0-1: Swinging Strike
0-2: Foul Ball, location: 2F
0-2: Ball
1-2: SINGLE (Line Drive, 4M)
Batting: SHB Frank Johnston 0-0: Ball
1-0: Ground out 5-3 (Groundball, 5D)
Bottom of the 5th over - 2 run(s), 3 hit(s), 0 error(s), 1 left on base; Georgetown 1 - Maryland 3
TOP OF THE 6TH
Georgetown Hoyas batting - Pitching for Maryland Terrapins : LHP Justin Wagner
Batting: LHB Ken Bullard 0-0: Foul Ball, location: 2F
0-1: Ball
1-1: Foul Ball, location: 2F
1-2: Ball
2-2: SINGLE (Line Drive, 7M)
Batting: SHB Edward Weber 0-0: DOUBLE (Line Drive, 9LS)
Ken Bullard to third
Runner from 3rd tries for Home, SAFE, no throw or cutoff
Batting: SHB Jeffrey MacNeill 0-0: Called Strike
0-1: Fly out, F9 (Flyball, 9S)
Batting: LHB Alan McGilroy 0-0: Ball
1-0: Ball
2-0: Called Strike
2-1: Ball
3-1: Base on Balls
Batting: RHB Luis Flores 0-0: Called Strike
0-1: Ball
1-1: Ground out 5-3 (Groundball, 56S)
Edward Weber to third
Alan McGilroy to second
Batting: LHB Tim Rose 0-0: Ball
1-0: Ball
2-0: Ball
3-0: Called Strike
3-1: Base on Balls
Pitching: RHP Neal Hayes
Batting: SHB Emmett Kinch 0-0: Ball
1-0: Ball
2-0: Called Strike
2-1: Called Strike
2-2: Ball
3-2: Base on Balls
Edward Weber scores
Alan McGilroy to third
Tim Rose to second
Batting: RHB Bob Lee 0-0: Called Strike
0-1: Ball
1-1: Ball
2-1: Ball
3-1: Foul Ball, location: 2F
3-2: Fly out, F8 (Flyball, 8LM)
Top of the 6th over - 2 run(s), 2 hit(s), 0 error(s), 3 left on base; Georgetown 3 - Maryland 3
BOTTOM OF THE 6TH
Maryland Terrapins batting - Pitching for Georgetown Hoyas : RHP John Jones
Batting: SHB Tom Johnson 0-0: Called Strike
0-1: Swinging Strike
0-2: Strikes out looking
Batting: RHB Jesús López 0-0: Ball
1-0: Called Strike
1-1: Ground out 5-3 (Groundball, 56)
Batting: SHB Leonard Adams 0-0: Foul Ball, location: 2F
0-1: Ball
1-1: Swinging Strike
1-2: Ground out 5-3 (Groundball, 56S)
Bottom of the 6th over - 0 run(s), 0 hit(s), 0 error(s), 0 left on base; Georgetown 3 - Maryland 3
TOP OF THE 7TH
Georgetown Hoyas batting - Pitching for Maryland Terrapins : RHP Neal Hayes
Batting: LHB José De La Cruz 0-0: Fly out, F8 (Flyball, 8LM)
Batting: LHB Ken Bullard 0-0: Ball
1-0: Called Strike
1-1: Ball
2-1: Ball
3-1: Base on Balls
Batting: SHB Edward Weber 0-0: Ball
1-0: Foul Ball, location: 2F
1-1: Ball
2-1: Called Strike
Ken Bullard steals 2nd base
2-2: Ball
3-2: Ground out 1-3 (Groundball, 15S)
Batting: SHB Jeffrey MacNeill 0-0: Called Strike
0-1: Fly out, F8 (Flyball, 8LM)
Top of the 7th over - 0 run(s), 0 hit(s), 0 error(s), 1 left on base; Georgetown 3 - Maryland 3
BOTTOM OF THE 7TH
Maryland Terrapins batting - Pitching for Georgetown Hoyas : RHP John Jones
Batting: RHB Pedro Echevarría 0-0: Ground out 4-3 (Groundball, 4)
Pitching: RHP Irving McGee
Batting: RHB Ken Boyd 0-0: Called Strike
0-1: Ground out 5-3 (Groundball, 56)
Batting: SHB Caden Keith 0-0: Ball
1-0: Ball
2-0: Foul Ball, location: 2F
2-1: Ground out 6-3 (Groundball, 56)
Bottom of the 7th over - 0 run(s), 0 hit(s), 0 error(s), 0 left on base; Georgetown 3 - Maryland 3
TOP OF THE 8TH
Georgetown Hoyas batting - Pitching for Maryland Terrapins : RHP Neal Hayes
Batting: LHB Alan McGilroy 0-0: Foul Ball, location: 2F
0-1: Swinging Strike
0-2: SINGLE (Line Drive, 34)
Batting: RHB Luis Flores 0-0: Ball
1-0: Called Strike
1-1: Called Strike
1-2: Ball
2-2: Strikes out looking
Batting: LHB Tim Rose 0-0: Foul Ball, location: 2F
0-1: Foul Ball, location: 2F
0-2: SINGLE (Groundball, 34D)
Alan McGilroy to second
Runner from 2nd tries for 3rd, OUT!
Batting: SHB Emmett Kinch 0-0: Ball
1-0: Ground out 1-3 (Groundball, 15)
Top of the 8th over - 0 run(s), 2 hit(s), 0 error(s), 1 left on base; Georgetown 3 - Maryland 3
BOTTOM OF THE 8TH
Maryland Terrapins batting - Pitching for Georgetown Hoyas : RHP Irving McGee
Batting: RHB Glenn Carroll 0-0: Ground out 3-1 (Groundball, 3)
Batting: LHB Armando Torres 0-0: Ball
1-0: Foul Ball, location: 2F
1-1: Ball
2-1: SINGLE (Line Drive, 8LS)
Batting: SHB Frank Johnston 0-0: Ball
Armando Torres is caught stealing 2nd base
1-0: Ball
2-0: Called Strike
2-1: Ball
3-1: Foul Ball, location: 2F
3-2: Strikes out looking
Bottom of the 8th over - 0 run(s), 1 hit(s), 0 error(s), 0 left on base; Georgetown 3 - Maryland 3
TOP OF THE 9TH
Georgetown Hoyas batting - Pitching for Maryland Terrapins : RHP Neal Hayes
Pitching: RHP Gunner Morris
Batting: RHB Bob Lee 0-0: Ball
1-0: Called Strike
1-1: Ball
2-1: Called Strike
2-2: Ball
3-2: Foul Ball, location: 2F
3-2: Strikes out swinging
Batting: LHB José De La Cruz 0-0: Ball
1-0: Swinging Strike
1-1: Swinging Strike
1-2: Strikes out looking
Batting: LHB Ken Bullard 0-0: Ball
1-0: Foul Ball, location: 2F
1-1: Ball
2-1: Ball
3-1: Called Strike
3-2: Strikes out looking
Top of the 9th over - 0 run(s), 0 hit(s), 0 error(s), 0 left on base; Georgetown 3 - Maryland 3
BOTTOM OF THE 9TH
Maryland Terrapins batting - Pitching for Georgetown Hoyas : RHP Irving McGee
Batting: SHB Tom Johnson 0-0: Called Strike
0-1: Called Strike
0-2: Ball
1-2: Ball
2-2: Strikes out swinging
Batting: RHB Jesús López 0-0: Ball
1-0: Called Strike
1-1: Swinging Strike
1-2: Strikes out looking
Batting: SHB Leonard Adams 0-0: Ball
1-0: Ball
2-0: Called Strike
2-1: Ball
3-1: Called Strike
3-2: Strikes out swinging
Bottom of the 9th over - 0 run(s), 0 hit(s), 0 error(s), 0 left on base; Georgetown 3 - Maryland 3
TOP OF THE 10TH
Georgetown Hoyas batting - Pitching for Maryland Terrapins : RHP Gunner Morris
Batting: SHB Edward Weber 0-0: Called Strike
0-1: Ground out 4-3 (Groundball, 13)
Batting: SHB Jeffrey MacNeill 0-0: Called Strike
0-1: Ball
1-1: Swinging Strike
1-2: Ball
2-2: Foul Ball, location: 2F
2-2: Foul Ball, location: 2F
2-2: Fly out, F3 (Line Drive, 3)
Batting: LHB Alan McGilroy 0-0: Called Strike
0-1: Ball
1-1: Foul Ball, location: 2F
1-2: Ball
2-2: SOLO HOME RUN (Flyball, 9LD), Distance : 316 ft
Batting: RHB Luis Flores 0-0: Ball
1-0: Swinging Strike
1-1: SINGLE (Groundball, 56D) (infield hit)
Batting: LHB Tim Rose 0-0: Ball
1-0: Foul Ball, location: 2F
1-1: Ball
2-1: Ball
3-1: Ground out 1-3 (Groundball, 13S)
Top of the 10th over - 1 run(s), 2 hit(s), 0 error(s), 1 left on base; Georgetown 4 - Maryland 3
BOTTOM OF THE 10TH
Maryland Terrapins batting - Pitching for Georgetown Hoyas : RHP Irving McGee
Pitching: LHP Josh Chamberlain
Pinch Hitting: RHB Michael Burke 0-0: Called Strike
0-1: Ball
1-1: Ball
2-1: Swinging Strike
2-2: Strikes out swinging
Pinch Hitting: RHB Tommy Allen 0-0: Ball
1-0: Fly out, F8 (Flyball, 8LM)
Batting: SHB Caden Keith 0-0: Called Strike
0-1: Ball
1-1: Ball
2-1: Foul Ball, location: 2F
2-2: Foul Ball, location: 2F
2-2: Fly out, F7 (Flyball, 7LD)
Bottom of the 10th over - 0 run(s), 0 hit(s), 0 error(s), 0 left on base; Georgetown 4 - Maryland 3
This league is powered by Out of the Park Baseball, the baseball management simulation game for PC, Mac and Linux
Saturday, April 9th, 2016 - OOTP Baseball 16.8 Build 38